 Dungeon Crawl Stone Soup version 0.22-a0-425-g89d60a1 (webtiles) character file.

3607 nikopol the Thaumaturge (level 9, -6/46 HPs)
             Began as a Deep Elf Fire Elementalist on May 24, 2018.
             Mangled by Joseph
             ... wielding a +0 quarterstaff
              (20 damage)
             ... on level 8 of the Dungeon.
             The game lasted 00:24:45 (6699 turns).

nikopol the Thaumaturge (DEFE)                      Turns: 6699, Time: 00:24:46

Health: -6/46      AC:  7    Str:  5    XL:     9   Next: 86%
Magic:  19/25      EV: 16    Int: 24    God:
Gold:   379        SH:  0    Dex: 15    Spells: 14/29 levels left

rFire    . . .     SeeInvis .   y - staff of energy
rCold    . . .     Gourm    .   (no shield)
rNeg     . . .     Faith    .   a - +0 robe
rPois    .         Spirit   .   u - +0 helmet
rElec    .         Reflect  .   (no cloak)
rCorr    .         Harm     .   d - +0 pair of gloves
MR       .....                  q - +0 pair of boots
Stlth    +++.......             w - amulet of magic regeneration
HPRegen  0.15/turn              l - ring of flight
MPRegen  0.44/turn              D - +2 ring of protection

@: no status effects
A: no striking features
a: Evoke Flight


You were on level 8 of the Dungeon.
You were not hungry.

You visited 2 branches of the dungeon, and saw 9 of its levels.

You collected 379 gold pieces.

Inventory:

Hand Weapons
 f - a +0 short sword
 k - a +2 dagger of electrocution
Armour
 a - a +0 robe (worn)
 d - a +0 pair of gloves (worn)
 q - a +0 pair of boots (worn)
 u - a +0 helmet (worn)
Magical Staves
 y - an uncursed staff of energy (weapon)
Jewellery
 g - a +3 ring of dexterity {unknown}
 l - a ring of flight (left hand)
 m - an uncursed ring of protection from cold {unknown}
 w - an amulet of magic regeneration (around neck)
 D - a +2 ring of protection (right hand)
 I - an uncursed amulet of faith {unknown}
Wands
 x - a wand of polymorph (20)
 F - a wand of disintegration (10)
Scrolls
 b - 10 scrolls of remove curse
 h - 2 scrolls of teleportation
 j - 3 scrolls of amnesia
 p - a scroll of noise {unknown}
 r - 2 scrolls of magic mapping {unknown}
 v - 5 scrolls of enchant weapon
 C - 3 scrolls of fear {unknown}
 E - a scroll of fog {unknown}
 H - a scroll of acquirement {unknown}
Potions
 e - 2 potions of haste
 i - a potion of mutation {unknown}
 n - 8 potions of curing
 o - 2 potions of lignification {unknown}
 s - 3 potions of agility
 t - 5 potions of brilliance {unknown}
 z - a potion of invisibility {unknown}
 A - 2 potions of magic {unknown}
 B - a potion of might {unknown}
Comestibles
 c - 15 rations


   Skills:
 + Level 0.3 Fighting
 - Level 0.1 Short Blades
 + Level 6.3 Dodging
 + Level 4.1 Stealth
 + Level 10.7 Spellcasting
 + Level 8.0 Conjurations
 + Level 8.6 Fire Magic


You had 14 spell levels left.
You knew the following spells:

 Your Spells              Type           Power        Failure   Level  Hunger
a - Flame Tongue          Conj/Fire      #####        1%          1    None
b - Throw Flame           Conj/Fire      ######       1%          2    None
c - Conjure Flame         Conj/Fire      ######..     1%          3    None
d - Sticky Flame          Conj/Fire      ######..     1%          4    None
e - Fireball              Conj/Fire      ######....   4%          5    None

Your spell library contained the following spells:

 Spells                   Type           Power        Failure   Level  Hunger
 Inner Flame              Hex/Fire       ####....     2%          3    None


Dungeon Overview and Level Annotations

Branches:
Dungeon (8/15)             Temple (1/1) D:7            Lair (0/6) D:8

Altars:
Ashenzari
Cheibriados
Dithmenos
Elyvilon
Hepliaklqana
Kikubaaqudgha
Makhleb
Okawaru
Qazlal
Ru
Uskayaw
Xom
Yredelemnul
Zin
The Shining One

Shops:
D:7 [

Annotations:
D:8 Gastronok, Joseph


Message History

It stops flaming.
Joseph wields an uncursed quarterstaff.
Joseph hits you with an uncursed quarterstaff!
Casting: Flame Tongue (safe; 1% risk of failure)
Confirm with . or Enter, or press ? or * to list all spells.
Aiming: Sticky Flame (safe; 1% risk of failure)
Press: ? - help, Shift-Dir - straight line, f/p - Joseph
Aim: Joseph, wielding a quarterstaff and wearing a leather armour (moderately wounded)
The sticky flame hits Joseph.
Joseph is moderately wounded.
Joseph is covered in liquid flames!
Joseph burns!
Casting: Sticky Flame (safe; 1% risk of failure)
Confirm with . or Enter, or press ? or * to list all spells.
Aiming: Throw Flame (safe; 1% risk of failure)
Press: ? - help, Shift-Dir - straight line, f/p - Joseph
Aim: Joseph, wielding a quarterstaff and wearing a leather armour (heavily wounded, covered in liquid flames)
The puff of flame hits Joseph.
Joseph is heavily wounded.
Joseph burns!
Joseph hits you with an uncursed quarterstaff!!
You die...

### ..# # #.#
#.# #.# ....
#.#
#.#.)##@#####
.......@....#
#......<###.#
#########


You could see Joseph (burning).

Vanquished Creatures
  Pikel (D:4)
  Menkaure (D:6)
  2 water moccasins
  A sky beast (D:5)
  2 ice beasts
  5 phantoms
  7 ogres
  3 centaurs
  4 bullfrogs
  A howler monkey (D:8)
  A crimson imp (D:4)
  2 jellies (D:3)
  A quasit (D:8)
  A bullfrog zombie (D:7)
  A hound (D:8)
  2 orc priests
  A gnoll shaman (D:6)
  9 orc wizards
  4 worker ants
  2 hound skeletons (D:7)
  A worker ant zombie (D:7)
  Robin (D:3)
  4 gnolls (D:6)
  7 adders
  2 shadow imps
  2 oozes
  2 adder skeletons
  A worm (D:2)
  4 leopard geckos
  22 orcs
  9 bats
  3 giant cockroaches
  13 goblins
  9 hobgoblins
  3 iguanas
  11 jackals
  10 kobolds
  5 quokkas
  2 ball pythons
  9 frilled lizards
  3 rats
174 creatures vanquished.

Notes
Turn   | Place    | Note
-------+----------+-------------------------------------------
     0 | D:1      | nikopol the Deep Elf Fire Elementalist began the quest for the Orb.
     0 | D:1      | Reached XP level 1. HP: 10/10 MP: 6/6
   198 | D:1      | Reached XP level 2. HP: 15/15 MP: 2/8
   650 | D:2      | Reached XP level 3. HP: 16/19 MP: 3/9
   654 | D:2      | Learned a level 2 spell: Throw Flame
   658 | D:2      | Learned a level 3 spell: Conjure Flame
   961 | D:2      | Reached skill level 4 in Spellcasting
   961 | D:2      | Reached XP level 4. HP: 22/24 MP: 8/12
  1262 | D:3      | Noticed Robin
  1607 | D:3      | Learned a level 4 spell: Sticky Flame
  1719 | D:3      | Found a shimmering altar of Xom.
  1759 | D:3      | Reached XP level 5. HP: 27/28 MP: 6/13
  2182 | D:3      | Killed Robin
  2285 | D:3      | Found a hazy altar of Hepliaklqana.
  2349 | D:4      | Noticed a water moccasin
  2355 | D:4      | Killed a water moccasin
  2355 | D:4      | Reached XP level 6. HP: 28/32 MP: 1/15
  2561 | D:4      | Reached skill level 5 in Spellcasting
  2561 | D:4      | Reached skill level 5 in Fire Magic
  2768 | D:4      | Reached XP level 7. HP: 36/36 MP: 14/17
  2821 | D:4      | Found a burning altar of Makhleb.
  2822 | D:4      | Found a shimmering altar of Xom.
  2946 | D:4      | Noticed Pikel
  2983 | D:4      | Learned a level 5 spell: Fireball
  3017 | D:4      | Killed Pikel
  3017 | D:4      | Reached skill level 5 in Dodging
  3017 | D:4      | Reached skill level 7 in Spellcasting
  3017 | D:4      | Reached XP level 8. HP: 14/41 MP: 9/20
  3488 | D:5      | Entered Level 5 of the Dungeon
  3507 | D:5      | Reached skill level 5 in Conjurations
  3513 | D:5      | Found a glowing golden altar of the Shining One.
  3749 | D:5      | Reached skill level 8 in Spellcasting
  3946 | D:5      | Reached XP level 9. HP: 46/46 MP: 1/23
  4062 | D:5      | Reached skill level 9 in Spellcasting
  4257 | D:5      | Found a white marble altar of Elyvilon.
  4527 | D:6      | Noticed Menkaure
  4542 | D:6      | Killed Menkaure
  4772 | D:6      | Found a shadowy altar of Dithmenos.
  5622 | D:7      | Reached skill level 10 in Spellcasting
  5687 | D:7      | Found Xavek's Armour Shoppe.
  5908 | D:7      | Found a staircase to the Ecumenical Temple.
  6000 | Temple   | Entered the Ecumenical Temple
  6330 | D:8      | Found a staircase to the Lair.
  6543 | D:8      | Noticed Gastronok
  6694 | D:8      | Noticed Joseph
  6699 | D:8      | Mangled by Joseph

Vault maps used:
D:1:      lordsloth_arrival_two_stooges
D:2:      small_statue_intersection
D:3:      lemuel_coloured_pillars_altar, dk_xom_monty_hall, uniq_robin
D:4:      grunt_temple_overflow_champion_of_chaos, uniq_pikel
D:5:      nicolae_overflow_crystal_walls, overflow_temple_1_default,
          first_ration
D:6:      grunt_decor_mini_mirrors, grunt_dithmenos_smoke_and_mirrors,
          uniq_menkaure
D:7:      temple_hall, serial_shops, shop
D:8:      tgw_sif, kennysheep_little_box, lair_entry_dummy, uniq_joseph,
          uniq_gastronok
Temple:   cyrus_temple_forest

Skill      XL: |  1  2  3  4  5  6  7  8  9 |
---------------+----------------------------+-----
Fire Magic     | 4 5 6 7 8 |  8.6
Spellcasting   | 4 5 7 8 10 | 10.7
Conjurations   | 2 3 4 6 8 |  8.0
Dodging        | 3 4 5 6 |  6.3
Stealth        | 3 4 |  4.1
Fighting       | |  0.3
Short Blades   | |  0.1

Action                   |  1- 3 |  4- 6 |  7- 9 || total
-------------------------+-------+-------+-------++-------
Melee: Dagger            |     4 |     3 |    21 ||    28
 Cast: Flame Tongue      |    68 |   100 |   205 ||   373
       Sticky Flame      |       |     5 |    19 ||    24
       Throw Flame       |       |     6 |    22 ||    28
       Fireball          |       |       |    16 ||    16
  Use: Scroll            |       |       |     7 ||     7
  Eat: Chunk             |       |     6 |    14 ||    20
Armor: Robe              |    10 |    13 |    25 ||    48
Dodge: Dodged            |    32 |    49 |    87 ||   168

Table legend:
 A = Spawn XP
 B = Non-spawn XP
 C = Spawn XP percentage of total XP
 D = Spawn monster count
 E = Non-spawn monster count
 F = Spawn count percentage of total count
 G = Total turns spent on level
                    A         B        C        D         E        F      G
               +---------+---------+-------+---------+---------+-------+---------
         Total |       0 |    5154 |   0.0 |       0 |     174 |   0.0 |  6699
               +---------+---------+-------+---------+---------+-------+---------
           D:1 |       0 |      36 |   0.0 |       0 |      24 |   0.0 |   615
           D:2 |       0 |      71 |   0.0 |       0 |      19 |   0.0 |   853
           D:3 |       0 |     239 |   0.0 |       0 |      40 |   0.0 |   877
           D:4 |       0 |    1271 |   0.0 |       0 |      20 |   0.0 |  1250
           D:5 |       0 |    1572 |   0.0 |       0 |      27 |   0.0 |   734
           D:6 |       0 |     583 |   0.0 |       0 |      19 |   0.0 |  1253
           D:7 |       0 |     980 |   0.0 |       0 |      18 |   0.0 |   693
           D:8 |       0 |     402 |   0.0 |       0 |       7 |   0.0 |   344
               +---------+---------+-------+---------+---------+-------+---------
